 Dungeon Crawl Stone Soup version 0.16-a0-3708-g05dc7d7 (console) character file.

1802 mauris the Basher (level 8, -8/56 HPs)
             Began as a Demonspawn Gladiator on Jan 20, 2015.
             Was an Initiate of Qazlal.
             Mangled by mauris' ghost (9 damage)
             ... on level 6 of the Dungeon.
             The game lasted 00:30:00 (6748 turns).

mauris the Basher (Demonspawn Gladiator)            Turns: 6748, Time: 00:30:00

Health: -8/56      AC:  5    Str: 18    XL:     8   Next: 83%
Magic:  8/8        EV: 12    Int:  9    God:    Qazlal [......]
Gold:   289        SH:  0    Dex: 14    Spells: 1 memorised, 5 levels left

rFire  . . .     SeeInvis +     a - +4 mace
rCold  + . .     Clarity  +     c - +1 chain mail {rC+}
rNeg   . . .     SustAb   .     (no shield)
rPois  .         Gourm    .     (helmet restricted)
rElec  .         Spirit   .     (no cloak)
rCorr  .         Warding  .     (no gloves)
rMut   .         Stasis   .     (no boots)
MR     +....                    w - amulet of clarity
Stlth  ..........               v - +4 ring of evasion
                                j - ring of see invisible

@: very slightly contaminated, drained, invisible, somewhat resistant to hostile
enchantments, extremely unstealthy
A: horns 2, deformed body, dopey 1, high mp 1, magic resistance 1, powered by
death 3, spit poison 1, strong 1
a: Spit Poison, Renounce Religion


You were on level 6 of the Dungeon.
You worshipped Qazlal.
Qazlal was noncommittal.
You were not hungry.

You visited 2 branches of the dungeon, and saw 7 of its levels.

You collected 289 gold pieces.

Inventory:

Hand weapons
 a - a +4 mace (weapon)
 b - a +0 blowgun {@w1}
Missiles
 q - 6 poisoned needles
 s - 5 needles of sleeping
 x - a throwing net (quivered)
Armour
 c - a +1 chain mail of cold resistance (worn)
Jewellery
 j - a ring of see invisible (left hand)
 v - a +4 ring of evasion (right hand)
 w - an amulet of clarity (around neck)
Magical devices
 t - a wand of lightning (0)
Scrolls
 n - a scroll of teleportation {@r4}
Potions
 A - a potion of haste {unknown}
Books
 l - a book of Debilitation

   Spells                             Type                      Level
   a - Corona                         Hexes                        1
   b - Slow                           Hexes                        2
   c - Inner Flame                    Hexes/Fire                   3
   d - Enslavement                    Hexes                        4
   e - Cause Fear                     Hexes                        4
   f - Leda's Liquefaction            Hexes/Earth                  4
Comestibles
 d - 2 slices of pizza
 f - 2 bread rations
 h - 2 fruits
 r - 2 meat rations


   Skills:
 - Level 2.0(1.7) Fighting
 + Level 10.4(10.1) Maces & Flails
 - Level 1.7(1.5) Throwing
 - Level 2.6(2.4) Dodging
 - Level 2.7(2.5) Hexes


You had 5 spell levels left.
You knew the following spells:

 Your Spells              Type           Power        Failure   Level  Hunger
a - Slow                  Hex            #.......     100%        2    ###....


Dungeon Overview and Level Annotations

Branches:
Dungeon (6/15)             Temple (1/1) D:5

Altars:
Dithmenos
Fedhas
Gozag
Makhleb
Nemelex Xobeh
Qazlal
Ru
Sif Muna
Trog
Xom
The Shining One

Annotations:
D:5 exclusion: downstairs
D:6 Sigmund; mauris' ghost, experienced DsGl


Innate Abilities, Weirdness & Mutations

You have a pair of horns on your head.
You can steal the life force of all defeated enemies in sight.
Armour fits poorly on your strangely shaped body.
You are dopey. (Int -2)
You have an increased reservoir of magic (+10% MP).
You are resistant to hostile enchantments.
You can spit poison.
Your muscles are strong. (Str +2)


Message History

* * * LOW HITPOINT WARNING * * *
x2 You strike the helpless mauris' ghost from behind!
You hit mauris' ghost but do no damage.
Mauris' ghost is severely damaged.
Mauris' ghost barely misses you.
Drink which item? (? for menu, Esc to quit)
Okay, then.
Evoke which item? (* to show all) (? for menu, Esc to quit)
Zapping:
t - a wand of lightning (2)
Press: ? - help, Shift-Dir - straight line You hear a mighty clap of thunder!
The bolt of lightning misses mauris' ghost.
This wand has 1 charge left.
Mauris' ghost misses you.
Evoke which item? (* to show all) (? for menu, Esc to quit)
Zapping:
t - a wand of lightning (1)
Press: ? - help, Shift-Dir - straight line You hear a mighty clap of thunder!
The bolt of lightning misses mauris' ghost.
This wand has 0 charges left.
Mauris' ghost hits you!
You die...

.##.#..[...## #.###..#
..#.#...#### ####.#....#
#.#.....## ###(.......##
#........####...##...###
###@..#..[....###..###
#..........######..#
..###..#..........###
#.# #.###.......W...#
#.# #####..##.).1...#
..####.....#..#.....#
.........#...###....#
..#............#....#
#(....###......#....#
.....## ##...###....#
#.....# ##..######.##
..###.. #...# #..## ..#
#..<# ##..#


You could see mauris' ghost.

Vanquished Creatures
  Edmund (D:5)
  An ice beast (D:5)
  2 phantoms
  2 ogres
  The ghost of B1inky the Poker, an average DgFi (D:4)
  3 centaurs (D:5)
  A giant frog (D:6)
  Blork the orc (D:5)
  A scorpion (D:6)
  5 wights
  4 hounds
  2 crimson imps (D:5)
  A giant frog zombie (D:5)
  2 orc wizards
  An iguana (D:5)
  3 worker ants
  3 adders
  4 worms
  An adder skeleton (D:5)
  4 giant geckos
  7 orcs
  3 bat skeletons
  5 giant cockroaches
  10 hobgoblins
  9 jackals
  3 quokkas
  12 bats
  6 giant newts
  10 goblins
  A jackal skeleton (D:4)
  11 kobolds
  8 rats
128 creatures vanquished.

Vanquished Creatures (others)
  2 ogres (D:4)
  A hound (D:4)
  A worker ant (D:4)
  A gnoll (D:4)
  An adder (D:4)
  2 worms (D:4)
  A goblin (D:4)
  A giant newt (D:4)
  A rat (D:4)
11 creatures vanquished.

Grand Total: 139 creatures vanquished

Notes
Turn   | Place    | Note
--------------------------------------------------------------
     0 | D:1      | mauris, the Demonspawn Gladiator, began the quest for the Orb.
     0 | D:1      | Reached XP level 1. HP: 16/16 MP: 1/1
   220 | D:1      | Reached skill level 3 in Maces & Flails
   409 | D:1      | Gained mutation: You can steal the life force of nearby defeated enemies. [demonic ancestry]
   409 | D:1      | Reached XP level 2. HP: 22/22 MP: 2/2
  1165 | D:2      | Gained mutation: You can steal the life force of defeated enemies. [demonic ancestry]
  1165 | D:2      | Reached XP level 3. HP: 12/27 MP: 3/3
  1227 | D:2      | Reached skill level 4 in Maces & Flails
  1312 | D:2      | Learned a level 2 spell: Slow
  1718 | D:2      | Gained mutation: You have a pair of small horns on your head. [demonic ancestry]
  1718 | D:2      | Reached XP level 4. HP: 26/33 MP: 4/4
  1900 | D:2      | thanks, regen+
  2211 | D:3      | Found a shadowy altar of Dithmenos.
  3219 | D:4      | Killed an ogre
  3241 | D:4      | Gained mutation: You are resistant to hostile enchantments. [potion of mutation]
  3241 | D:4      | Gained mutation: You are dopey. (Int -2) [potion of mutation]
  3241 | D:4      | Gained mutation: Armour fits poorly on your strangely shaped body. [potion of mutation]
  3245 | D:4      | Reached skill level 5 in Maces & Flails
  3252 | D:4      | Killed an ogre
  3386 | D:4      | Reached XP level 5. HP: 33/38 MP: 1/5
  3446 | D:4      | Noticed an ogre
  3454 | D:4      | Killed an ogre
  3531 | D:4      | Noticed B1inky's ghost (average DgFi)
  3544 | D:4      | Killed B1inky's ghost
  3544 | D:4      | Gained mutation: You have a pair of horns on your head. [demonic ancestry]
  3544 | D:4      | Reached XP level 6. HP: 15/44 MP: 6/6
  3628 | D:3      | Reached skill level 6 in Maces & Flails
  3922 | D:4      | Got a glittering bone ring
  3933 | D:4      | Identified the cursed ring of the Catfish {EV-3 Str+2 Dex+3} (You took it off an orc wizard on level 4 of the Dungeon)
  3983 | D:4      | Found a blossoming altar of Fedhas.
  4055 | D:4      | Noticed a phantom
  4085 | D:4      | Killed a phantom
  4223 | D:4      | Gained mutation: You can steal the life force of all defeated enemies in sight. [demonic ancestry]
  4223 | D:4      | Reached XP level 7. HP: 15/50 MP: 7/7
  4250 | D:4      | ac 1 is not good ac
  4398 | D:4      | Found a shimmering altar of Xom.
  4677 | D:3      | Found a glowing golden altar of the Shining One.
  4764 | D:5      | Entered Level 5 of the Dungeon
  4858 | D:5      | Reached skill level 7 in Maces & Flails
  5049 | D:5      | Reached skill level 8 in Maces & Flails
  5080 | D:5      | Noticed Blork the orc
  5094 | D:5      | Killed Blork the orc
  5163 | D:5      | Found a sparkling altar of Nemelex Xobeh.
  5167 | D:5      | Reached XP level 8. HP: 17/56 MP: 8/8
  5215 | D:5      | Found a staircase to the Ecumenical Temple.
  5225 | Temple   | Entered the Ecumenical Temple
  5229 | Temple   | Became a worshipper of Qazlal Stormbringer
  5456 | D:5      | Noticed Edmund
  5459 | D:5      | hi...
  5463 | D:5      | Gained mutation: Your muscles are strong. (Str +2) [potion of mutation]
  5463 | D:5      | Gained mutation: You have an increased reservoir of magic (+10% MP). [potion of mutation]
  5463 | D:5      | Gained mutation: You can spit poison. [potion of mutation]
  5547 | D:5      | Killed Edmund
  5547 | D:5      | Reached skill level 9 in Maces & Flails
  5884 | D:6      | jesus
  6117 | D:5      | jesus christ
  6296 | D:6      | Noticed Sigmund
  6311 | D:6      | Reached skill level 10 in Maces & Flails
  6716 | D:6      | Noticed mauris' ghost (experienced DsGl)
  6745 | D:6      | HP: 1/56 [mauris' ghost (3)]
  6748 | D:6      | Mangled by mauris' ghost

Action                   |  1- 3 |  4- 6 |  7- 9 || total
-------------------------+-------+-------+-------++-------
Melee: Flail             |   296 |    93 |       ||   389
       Mace              |       |    72 |   171 ||   243
 Fire: Blowgun           |       |    11 |       ||    11
Throw: Throwing net      |     9 |     3 |     2 ||    14
 Cast: Slow              |       |       |     1 ||     1
Evoke: Wand              |       |     3 |     6 ||     9
  Use: Scroll            |     9 |     2 |     4 ||    15
       Potion            |     1 |     3 |     5 ||     9
 Stab: Held in net/web   |     2 |       |       ||     2
       Sleeping          |     1 |       |       ||     1
       Invisible         |       |       |     7 ||     7
  Eat: Chunk             |     3 |     8 |     7 ||    18
       Beef jerky        |       |       |     1 ||     1

Vault maps used:
D:1:      minmay_arrival_four_circles
D:2:      lemuel_upstairs_altar, moated_statue, minmay_close_crescents
D:3:      wad_lake_hut, nicolae_overflow_hidden_temple,
          nicolae_dithmenos_shadow_blocks, first_bread
D:4:      xom_confusion_cloud, old_standard_altar
D:5:      nemelex_deck, temple_fountains, uniq_edmund, uniq_blork_the_orc
D:6:      hangedman_decor_points, grunt_ministairs_3, uniq_sigmund
Temple:   triangle_lava_temple_11
